 Dungeon Crawl Stone Soup version 0.24.1-11-gbbbb2193e6 (webtiles) character file.

Game seed: 12856695319159290018, levelgen mode: deterministic

34 Kaiern the Firebug (level 3, 0/19 HPs)
             Began as a Deep Elf Fire Elementalist on May 11, 2020.
             Killed from afar by Sigmund (9 damage)
             ... with a puff of flame
             ... on level 2 of the Dungeon.
             The game lasted 00:10:03 (1535 turns).

Kaiern the Firebug (Deep Elf Fire Elementalist)     Turns: 1535, Time: 00:10:04

Health: 0/19       AC:  2    Str:  5    XL:     3   Next: 14%
Magic:  10/10      EV: 13    Int: 20    God:
Gold:   75         SH:  0    Dex: 15    Spells: 6/9 levels left

rFire    . . .     SeeInvis .   i - +1 dagger (vamp)
rCold    . . .     Gourm    .   (no shield)
rNeg     . . .     Faith    .   a - +0 robe
rPois    .         Spirit   .   (no helmet)
rElec    .         Reflect  .   (no cloak)
rCorr    .         Harm     .   (no gloves)
MR       .....                  (no boots)
Stlth    +.........             (no amulet)
HPRegen  0.06/turn              (no ring)
MPRegen  0.12/turn              (no ring)

@: confused
A: no striking features
a: no special abilities


You were on level 2 of the Dungeon.
You were not hungry.

You visited 1 branch of the dungeon, and saw 2 of its levels.

You collected 75 gold pieces.

Inventory:

Hand Weapons
 i - a +1 vampiric dagger (weapon)
Armour
 a - a +0 robe (worn)
Scrolls
 d - 2 scrolls of identify {unknown}
 h - a scroll of remove curse {unknown}
 j - a scroll of fear {unknown}
 k - a scroll of random uselessness {unknown}
Potions
 b - a potion of ambrosia {unknown}
 e - a potion of haste {unknown}
 g - a potion of heal wounds {unknown}
Comestibles
 c - a ration
 f - 2 chunks of flesh


   Skills:
 + Level 2.5 Dodging
 + Level 3.1 Stealth
 + Level 3.5 Spellcasting
 - Level 1.7 Conjurations
 + Level 3.7 Fire Magic


You had 6 spell levels left.
You knew the following spells:

 Your Spells              Type           Power        Failure   Level  Hunger
a - Flame Tongue          Conj/Fire      ##...        4%          1    None
b - Throw Flame           Conj/Fire      ##....       7%          2    ##.....

Your spell library contained the following spells:

 Spells                   Type           Power        Failure   Level  Hunger
 Conjure Flame            Conj/Fire      ##......     13%         3    ###....
 Inner Flame              Hex/Fire       ##......     19%         3    ###....
 Sticky Flame             Conj/Fire      ##......     41%         4    ####...
 Fireball                 Conj/Fire      ##........   77%         5    ######.


Dungeon Overview and Level Annotations

Branches:
Dungeon (2/15)

Altars:
Ashenzari
Gozag
Uskayaw
The Shining One

Annotations:
D:2 Sigmund


Message History

Found 5 gold pieces.
You now have 54 gold pieces (gained 5).
There is a glowing golden altar of the Shining One here.
You now have 64 gold pieces (gained 10).
There is an opulent altar of Gozag here.
You now have 75 gold pieces (gained 11).
k - a scroll labeled MUIMUU OLUNETE Sigmund the Dreaded comes into view.
He is wielding a -1 scythe and carrying a wand of flame (24).
Sigmund shouts!
Sigmund zaps a wand.
The puff of flame hits you!
Ouch! That really hurt!
You see here a +0 club.
You see here an atropa-tipped dart.
Sigmund's eyes start glowing with a red light.
Sigmund screams, "Don't try to resist!"
Sigmund casts a spell at you.
You are confused.
You bump into the rock wall.
You bump into the rock wall.
Sigmund zaps a wand.
The puff of flame hits you!
You die...

######)#.# #.#.#
#@#.# #.#.# #(#.#
#.#.# #.#.# #.#.#
#@#.# #.#.# #.#.#
############ #.#.#
#........... #.#.#
#.#########.
#.#.###.## #.
#.#.##...# #.
#รท)......########.
###.##............


You could see Sigmund.

Vanquished Creatures
  A dart slug (D:1)
  2 leopard geckos
  2 ball pythons
  A giant cockroach (D:1)
  2 hobgoblins
  8 jackals (D:1)
  3 kobolds (D:1)
  A bat (D:1)
  3 frilled lizards (D:1)
  2 goblins
  A rat (D:1)
26 creatures vanquished.

Notes
Turn   | Place    | Note
-------+----------+-------------------------------------------
     0 | D:1      | Kaiern the Deep Elf Fire Elementalist began the quest for
                  | the Orb.
     0 | D:1      | Reached XP level 1. HP: 10/10 MP: 6/6
   382 | D:1      | Found a shattered altar of Ashenzari.
   418 | D:1      | Reached XP level 2. HP: 15/15 MP: 5/8
   820 | D:1      | Learned a level 2 spell: Throw Flame
  1116 | D:1      | Reached XP level 3. HP: 19/19 MP: 4/9
  1375 | D:2      | Found a hide-covered altar of Uskayaw.
  1376 | D:2      | Found an opulent altar of Gozag.
  1481 | D:2      | Found a glowing golden altar of the Shining One.
  1510 | D:2      | Noticed Sigmund
  1535 | D:2      | Killed from afar by Sigmund

Levels and vault maps discovered:
D:1:      dpeg_arrival_houses_and_road, layout_loops_corners,
          minmay_stone_trees_small, evilmike_ruin_ashenzari
D:2:      minmay_chambers_of_twos, layout_loops_ring,
          chequers_temple_overflow_statue_of_worship, first_ration, uniq_sigmund

Skill      XL: |  1  2 |
---------------+-------+-----
Stealth        | 3 |  3.1
Dodging        | |  2.5
Spellcasting   | |  3.5
Conjurations   | |  1.7
Fire Magic     | |  3.7

Action                   || total
-------------------------++-------
Melee: Dagger            ||     1
 Cast: Flame Tongue      ||    33
       Throw Flame       ||     9
  Eat: Chunk             ||     2
Dodge: Dodged            ||     3
